 Dungeon Crawl Stone Soup version 0.29-a0-284-gf9362112df (webtiles) character file.

Game seed: 7580843268359594281

3544 yunder69 the Spear-Bearer (level 9, -4/84 HPs)
             Began as a Minotaur Berserker on Mar 25, 2022.
             Was a Priest of Trog.
             Slain by a black bear (11 damage)
             ... on level 8 of the Dungeon.
             The game lasted 00:13:24 (9201 turns).

yunder69 the Spear-Bearer (Minotaur Berserker)      Turns: 9201, Time: 00:13:25

Health: -4/84      AC: 10    Str: 28    XL:     9   Next: 83%
Magic:  8/8        EV: 11    Int:  8    God:    Trog [***...]
Gold:   266        SH:  0    Dex: 10    Spells: 8/8 levels left

rFire   . . .      SeeInvis .   t - +0 bardiche
rCold   + . .      Faith    .   (shield currently unavailable)
rNeg    + . .      Spirit   .   v - +1 chain mail of Hiovote {rN+ rCorr Str+6 Slay-3}
rPois   .          Reflect  .   (helmet restricted)
rElec   .          Harm     .   (no cloak)
rCorr   +          Rampage  .   (no gloves)
Will    .....                   (no boots)
Stlth   ..........              n - amulet of magic regeneration
HPRegen 0.24/turn               i - ring of protection from cold
MPRegen 0.51/turn               (no ring)

@: on berserk cooldown, slowed, studying Short Blades, very slow
A: horns 2, retaliatory headbutt
a: Renounce Religion, Berserk, Trog's Hand


You were on level 8 of the Dungeon.
You worshipped Trog.
Trog was most pleased with you.
You visited 1 branch of the dungeon, and saw 8 of its levels.

You collected 304 gold pieces.
You spent 38 gold pieces at shops.

Inventory:

Hand Weapons
 q - a +0 halberd
 t - a +0 bardiche (weapon)
 C - a +0 fustibalus
Missiles
 f - 2 throwing nets (quivered)
Armour
 e - an orb of light
 v - the +1 chain mail of Hiovote (worn) {rN+ rCorr Str+6 Slay-3}
   (You found it on level 3 of the Dungeon)

   Str:       It affects your strength (+6).
   Slay:      It affects your accuracy & damage with ranged weapons and melee
   (-3).
   rN:        It protects you from negative energy.
   rCorr:     It protects you from acid and corrosion.
Jewellery
 i - a ring of protection from cold (left hand)
 n - an amulet of magic regeneration (around neck)
Wands
 b - a wand of iceblast (9)
 y - a wand of flame (24)
Scrolls
 a - 2 scrolls of identify
 d - a scroll of magic mapping
 k - a scroll of torment
 m - a scroll of fear
 o - 3 scrolls of immolation
 r - a scroll of enchant weapon
 s - a scroll of teleportation
 x - a scroll of enchant armour
 A - a scroll of vulnerability
 B - a scroll of brand weapon {unknown}
 E - a scroll of summoning {unknown}
Potions
 c - 3 potions of curing
 g - 2 potions of heal wounds
 h - a potion of lignification {unknown}
 j - a potion of might
 l - a potion of flight
 p - a potion of berserk rage {unknown}
 u - 3 potions of mutation
 w - 2 potions of brilliance
 z - a potion of experience
 D - a potion of haste {unknown}


   Skills:
 * Level 9.5 Fighting
 + Level 11.7 Polearms
 - Level 3.5 Armour
 + Level 8.3 Dodging


You had 8 spell levels left.
You didn't know any spells.
Your spell library was empty.

Dungeon Overview and Level Annotations

Branches:
Dungeon (8/15)             Temple (0/1) D:5            Lair (0/6) D:8

Altars:

Shops:
D:5 *   D:8 [


Innate Abilities, Weirdness & Mutations

You have a pair of horns on your head.
You reflexively headbutt those who attack you in melee.


Message History

You headbutt the black bear!
The black bear claws you but does no damage.
The black bear closely misses you.
You miss the water moccasin.
Your headbutt misses the water moccasin.
The water moccasin is moderately wounded.
The water moccasin barely misses you. The wyvern closely misses you.
The black bear barely misses you. You furiously retaliate!
You headbutt the black bear!!
The black bear claws you but does no damage.
The black bear claws you.
* * * LOW HITPOINT WARNING * * *
The black bear bites you but does no damage.
The black bear claws you but does no damage. x2
Okay, then.
You closely miss the black bear. You headbutt the black bear!
The black bear is severely wounded.
The water moccasin bites you but does no damage.
The wyvern bites you but does no damage.
The wyvern barely misses you. The water moccasin closely misses you.
You barely miss the black bear.
The black bear is severely wounded.
The black bear barely misses you.
The black bear claws you but does no damage. x2
The black bear goes berserk!
The wyvern misses you. The water moccasin bites you.
* * * LOW HITPOINT WARNING * * *
Unknown command.
You completely miss the black bear. You headbutt the black bear!
You kill the black bear!
Trog accepts your kill.
You are no longer berserk.
You are exhausted.
You feel yourself slow down. The wyvern bites you!
* * * LOW HITPOINT WARNING * * *
The black bear goes berserk!
The water moccasin closely misses you.
You feel better. The wyvern bites you.
* * * LOW HITPOINT WARNING * * *
The black bear bites you!
You die...

###..P...PP..
...PPP.PP.P. ...P.PPP>P.
### #P.P..P.P.. ....##
#.PPP...P.. ........###
#.......P.P
..........### #..†....P.
............###.@S...PPP
...............#lh...P.P
.....................PPP
.........#.........P....
........<.#......P..PP..
...........##.....>P....
............###.........
.....#..................
.... #................


You could see a water moccasin, a black bear (berserk) and a wyvern.

Vanquished Creatures
  Prince Ribbit (D:8)
  Grinder (D:3)
  A wraith (D:6)
  A shadow (D:5)
  A wyvern (D:7)
  A steam dragon (D:7)
  A yak (D:4)
  3 water moccasins
  2 black bears (D:8)
  3 ice beasts
  A centaur (D:7)
  A phantom (D:6)
  2 kobold brigands
  4 bullfrogs
  2 scorpions
  6 wights (D:7)
  A howler monkey (D:7)
  2 orc priests (D:7)
  A gnoll shaman (D:7)
  2 hounds
  2 jellies
  Jessica (D:2)
  An iguana (D:4)
  Terence (D:3)
  Natasha (thrice) (D:3)
  An orc wizard (D:7)
  Robin (D:3)
  11 gnolls
  5 adders
  An ufetubus (D:7)
  3 dart slugs
  4 orcs
  10 endoplasms
  4 giant cockroaches
  17 goblins
  8 hobgoblins
  2 jackals (D:3)
  2 quokkas
  11 ball pythons
  8 bats
  7 frilled lizards
  16 kobolds
  6 rats
162 creatures vanquished.

Vanquished Creatures (others)
  17 fungi (D:8)
  14 plants (D:8)
31 creatures vanquished.

Grand Total: 193 creatures vanquished

Notes
Turn   | Place    | Note
-------+----------+-------------------------------------------
     0 | D:1      | yunder69 the Minotaur Berserker began the quest for the
                  | Orb.
     0 | D:1      | Reached XP level 1. HP: 19/19 MP: 0/0
   233 | D:1      | Reached XP level 2. HP: 27/27 MP: 1/1
   683 | D:1      | Reached skill level 4 in Polearms
   839 | D:1      | Found a faded altar of an unknown god.
   923 | D:1      | Reached ** piety under Trog
  1077 | D:1      | Reached XP level 3. HP: 33/33 MP: 2/2
  1212 | D:2      | Noticed Jessica
  1224 | D:2      | Killed Jessica
  1477 | D:2      | Reached XP level 4. HP: 41/41 MP: 3/3
  2195 | D:3      | Identified the +1 helmet "Houpn" {-Tele rF++ rC+ Slay+2}
  2195 | D:3      | Noticed Robin
  2214 | D:3      | Killed Robin
  2215 | D:3      | Reached skill level 5 in Polearms
  2215 | D:3      | Reached XP level 5. HP: 36/47 MP: 4/4
  2506 | D:3      | Noticed Natasha
  2513 | D:3      | Killed Natasha
  2608 | D:3      | Noticed Terence
  2614 | D:3      | Killed Terence
  2912 | D:3      | Identified the +1 chain mail of Hiovote {rN+ rCorr Str+6
                  | Slay-3}
  3031 | D:3      | Noticed Grinder
  3039 | D:3      | Noticed an ice beast
  3046 | D:3      | Killed Grinder
  3047 | D:3      | Reached skill level 7 in Polearms
  3047 | D:3      | Reached XP level 6. HP: 53/53 MP: 5/5
  3051 | D:3      | Killed an ice beast
  3052 | D:3      | Reached skill level 8 in Polearms
  3291 | D:3      | Noticed Natasha
  3306 | D:3      | Killed Natasha
  3699 | D:3      | Noticed Natasha
  3713 | D:3      | Killed Natasha
  3714 | D:3      | Reached XP level 7. HP: 49/60 MP: 6/6
  4513 | D:4      | Noticed a yak
  4518 | D:4      | Killed a yak
  4540 | D:4      | Reached *** piety under Trog
  4640 | D:4      | Reached skill level 9 in Polearms
  5424 | D:5      | Entered Level 5 of the Dungeon
  5430 | D:5      | Noticed a shadow
  5438 | D:5      | Killed a shadow
  5439 | D:5      | Reached skill level 5 in Dodging
  5672 | D:5      | Found a staircase to the Ecumenical Temple.
  5765 | D:5      | Reached XP level 8. HP: 67/67 MP: 7/7
  5874 | D:5      | Found Haol's Gadget Gallery.
  5898 | D:5      | Bought a wand of flame (5) for 38 gold pieces
  6606 | D:6      | Reached skill level 10 in Polearms
  6966 | D:6      | Reached skill level 5 in Fighting
  7888 | D:7      | Reached XP level 9. HP: 73/78 MP: 8/8
  7971 | D:7      | Reached skill level 11 in Polearms
  8651 | D:8      | Found Hithot's Antique Armour Shoppe.
  9035 | D:8      | Noticed Prince Ribbit
  9058 | D:8      | Killed Prince Ribbit
  9177 | D:8      | Found a staircase to the Lair.
  9201 | D:8      | Slain by a black bear

Illustrated notes

Levels and vault maps discovered:
D:1:      erik_arrival_cave_to_civilisation [erik_arrival_cave_to_hall],
          layout_basic, ebering_ecumenical_altar_ruins,
          minmay_misc_feat_encased, minivault_4
D:2:      layout_basic, uniq_jessica
D:3:      layout_loops_ring, uniq_terence, uniq_natasha, uniq_grinder,
          uniq_robin
D:4:      layout_basic, minmay_manual_macuahuitl
D:5:      layout_loops_ring, temple_doors_cd, chequers_garden,
          nicolae_shop_gadgets
D:6:      layout_gridville
D:7:      kennysheep_six_static_rooms, layout_loops_ring, serial_park_tiny_pond
D:8:      layout_cave_pods, due_lair_maze_entry_diamond, serial_shops, shop,
          uniq_maggie, uniq_prince_ribbit1

Skill      XL: |  1  2  3  4  5  6  7  8  9 |
---------------+----------------------------+-----
Fighting       | 4 6 9 |  9.5
Polearms       | 4 5 7 8 9 10 11 | 11.7
Armour         | 3 |  3.5
Dodging        | 3 5 7 8 |  8.3

Action                   |  1- 3 |  4- 6 |  7- 9 || total
-------------------------+-------+-------+-------++-------
Melee: Spear             |    55 |       |       ||    55
       Headbutt          |     9 |     9 |    32 ||    50
       Trident           |    17 |   126 |   136 ||   279
       Punch             |     1 |       |     2 ||     3
       Halberd           |       |       |    94 ||    94
       Bardiche          |       |       |    45 ||    45
Invok: Berserk           |     2 |     5 |     9 ||    16
  Use: Scroll            |       |       |    19 ||    19
       Potion            |       |       |     1 ||     1
 Stab: Sleeping          |       |     1 |       ||     1
Armor: Leather armour    |    12 |    11 |       ||    23
       Chain mail        |       |    11 |   125 ||   136
Dodge: Dodged            |    30 |    58 |   127 ||   215

Table legend: (Time is in decaauts)
 A = Elapsed time spent in this place.
 B = Non-inter-level travel time spent in this place.
 C = Inter-level travel time spent in this place.
 D = Time resting spent in this place.
 E = Time spent auto-exploring this place.
 F = Levels seen in this place.
 G = Mean time per level.
                   A        B        C        D        E       F      G
               +--------+--------+--------+--------+--------+-----+--------+
         Total |   9328 |   8819 |    509 |   2588 |   5209 |   8 | 1166.0 |
       Dungeon |   9328 |   8819 |    509 |   2588 |   5209 |   8 | 1166.0 |
               +--------+--------+--------+--------+--------+-----+--------+

Top non-repeatable levels by time:
     D:3: 2145 daAuts
     D:6: 1363 daAuts
     D:1: 1193 daAuts
     D:7: 1136 daAuts
     D:4: 1127 daAuts
     D:2: 1012 daAuts
     D:5: 784 daAuts
     D:8: 564 daAuts
